 Dungeon Crawl Stone Soup version 0.16.1-14-g82efdee (webtiles) character file.

1415 HAL9000jb88 the Reanimator (level 8, 0/64 HPs)
             Began as a Deep Dwarf Necromancer on Apr 14, 2015.
             Was a Follower of Ru.
             Slain by a yak (16 damage)
             ... on level 8 of the Dungeon.
             The game lasted 02:16:24 (8295 turns).

HAL9000jb88 the Reanimator (Deep Dwarf Necromancer) Turns: 8295, Time: 02:16:25

Health: 0/64       AC:  4    Str: 12      XL:     8   Next: 43%
Magic:  0/21       EV: 14    Int: 18      God:    Ru [*.....]
Gold:   251        SH:  0    Dex: 12 (13) Spells: 6 memorised, 1 level left

rFire  . . .     SeeInvis .     y - +2 quarterstaff (drain)
rCold  . . .     Clarity  .     m - +0 robe
rNeg   . . .     SustAb   .     (no shield)
rPois  .         Gourm    +     (no helmet)
rElec  .         Spirit   .     (no cloak)
rCorr  .         Warding  .     w - +0 pair of gloves
rMut   .         Stasis   .     j - +0 pair of boots
MR     +....                    r - amulet of the gourmand
Stlth  ++........               (no ring)
                                (no ring)

@: non-regenerating, somewhat resistant to hostile enchantments, unstealthy
A: damage resistance, recharge devices, sense surroundings 1, slow healing 3,
inexperienced 1
a: Device Recharging, Renounce Religion


You were on level 8 of the Dungeon.
You worshipped Ru.
Ru was aware of your devotion.
You were not hungry.

You visited 2 branches of the dungeon, and saw 9 of its levels.
You also visited: Sewer.

You collected 251 gold pieces.

Inventory:

Hand weapons
 k - a +0 hunting sling
 t - a +2 short sword of flaming
 y - a +2 quarterstaff of draining (weapon)
 N - a +0 shortbow
Missiles
 e - 25 bolts of frost
 f - 5 needles of confusion
 g - 34 poisoned needles
 i - 13 arrows of frost
 n - a throwing net (quivered)
 q - 53 sling bullets
Armour
 j - a +0 pair of boots (worn)
 m - a +0 robe (worn)
 w - a +0 pair of gloves (worn)
Jewellery
 r - an amulet of the gourmand (around neck)
Magical devices
 c - a wand of heal wounds (2)
 H - a wand of cold (1)
 M - a wand of cold (9)
Scrolls
 l - 2 scrolls of recharging
 s - a scroll of silence {unknown}
 u - a scroll of fog
 z - a scroll of magic mapping
 C - 4 scrolls of fear
 E - a scroll of blinking {unknown}
 G - a scroll of amnesia
 O - a scroll of noise {unknown}
 P - a scroll of remove curse
Potions
 o - 4 potions of poison
 p - 2 potions of curing
 v - a potion of ambrosia
 x - a potion of heal wounds {unknown}
 B - a potion of brilliance
 D - a potion of haste
 I - a potion of might
 L - a potion of lignification {unknown}
Books
 b - a book of Necromancy

   Spells                             Type                      Level
   a - Pain                           Necromancy                   1
   b - Animate Skeleton               Necromancy                   1
   c - Vampiric Draining              Necromancy                   3
   d - Regeneration                   Charms/Necromancy            3
   e - Animate Dead                   Necromancy                   4
   f - Control Undead                 Necromancy                   4
 J - a book of Unlife

   Spells                             Type                      Level
   a - Recall                         Summoning/Translocation      3
   b - Animate Dead                   Necromancy                   4
   c - Control Undead                 Necromancy                   4
   d - Cigotuvi's Embrace             Necromancy                   5
   e - Death Channel                  Necromancy                   6
   f - Simulacrum                     Ice/Necromancy               6
Comestibles
 a - 5 beef jerkies
 d - 5 bread rations


   Skills:
 + Level 1.4 Fighting
 + Level 0.1 Short Blades
 + Level 0.8 Staves
 + Level 1.2(1.4) Slings
 + Level 0.6(1.0) Throwing
 + Level 5.0 Dodging
 + Level 3.0 Stealth
 + Level 6.0 Spellcasting
 + Level 10.1 Necromancy
 + Level 1.1 Evocations


You had one spell level left.
You knew the following spells:

 Your Spells              Type           Power        Failure   Level  Hunger
a - Pain                  Necr           ####         1%          1    None
b - Animate Skeleton      Necr           N/A          1%          1    None
c - Vampiric Draining     Necr           #####.....   1%          3    ##.....
d - Animate Dead          Necr           N/A          1%          4    ####...
e - Control Undead        Necr           #####.....   1%          4    ####...
f - Cigotuvi's Embrace    Necr           #####.....   6%          5    #####..


Dungeon Overview and Level Annotations

Branches:
Dungeon (8/15)             Temple (1/1) D:7
   Lair: D:8-11

Altars:
Ashenzari
Dithmenos
Elyvilon
Fedhas
Gozag
Kikubaaqudgha
Makhleb
Nemelex Xobeh
Okawaru
Qazlal
Ru
Sif Muna
Trog
Vehumet
Xom
Yredelemnul
Zin
The Shining One

Shops:
D:4 %   D:5 [   D:7 [

Annotations:
D:6 hulla's ghost, experienced OpTm


Innate Abilities, Weirdness & Mutations

You are resistant to damage.
You can recharge devices by infusing magical energy.
You passively map a small area around you.
You do not heal naturally.
You are somewhat inexperienced (-2 XL).


Message History

The river rat bites you.
Evoke which item? (* to show all) (? for menu, Esc to quit)
Zapping:
H - a wand of cold (2)
Press: ? - help, Shift-Dir - straight line, f/p - river rat
Aim: a river rat (moderately wounded)
The bolt of cold hits the river rat.
You kill the river rat!
The bolt of cold hits the yak.
The yak is heavily wounded.
The bolt of cold hits the river rat.
You kill the river rat!
The bolt of cold hits the quokka.
You kill the quokka!
This wand has 1 charge left.
You hit the yak.
The yak is severely wounded.
The yak gores you!
* * * LOW HITPOINT WARNING * * *
The yak gores you!
You die...

...#.)....#,...
...'......#.... ,*
).##.)..###...# , *
..##...)###...####** * *
.................# * , *
.................# .,
.................# * ,... ,
.................#####......
,
................@Y))........
,
.................####.......
, ..##.##.####'##.## * .....
#######.##...#### ,....
#<.......# ... #........# .
, #........# * , ##......##
########


You could see a yak.

Vanquished Creatures
  A yak (D:8)
  A porcupine (D:8)
  2 ice beasts (D:5)
  A black bear (D:4)
  A phantom (D:8)
  3 ogres
  A centaur (D:8)
  A giant frog zombie (D:5)
  A quasit (D:8)
  A goliath beetle (D:7)
  4 hounds
  7 orc wizards
  2 iguanas
  3 worker ants
  A hound zombie (D:5)
  A worker ant zombie (D:5)
  A gnoll (D:8)
  7 river rats
  8 adders
  A worm (D:3)
  An adder zombie (D:6)
  2 oozes
  10 orcs
  10 ball pythons
  14 bats
  A bat skeleton (D:6)
  6 giant cockroaches
  15 hobgoblins
  10 jackals
  7 kobolds
  5 quokkas
  7 giant geckos
  3 giant newts
  5 goblins
  23 rats
167 creatures vanquished.

Vanquished Creatures (collateral kills)
  Eustachio (D:7)
  A hungry ghost (D:8)
  An ice beast (D:8)
  3 giant frogs
  2 hounds
  2 giant frog skeletons
  A giant frog zombie (D:5)
  A quasit (D:5)
  2 worker ants
  An iguana (D:7)
  4 gnolls
  3 adders
  2 worms
  A giant gecko (D:3)
  An ooze (Sewer)
  An orc (D:4)
  2 bats
  A giant cockroach (D:8)
  2 hobgoblins
  3 jackals
  6 ball pythons (Sewer)
  A giant newt (D:7)
  A goblin (D:5)
  A quokka skeleton (D:4)
  2 quokka zombies
  12 rats
  A rat skeleton (Sewer)
59 creatures vanquished.

Vanquished Creatures (others)
  An elf skeleton (D:7)
  A centaur zombie (D:8)
  An orc wizard (D:4)
  An ogre zombie (D:7)
  2 dwarf skeletons (D:7)
  A hound zombie (D:4)
  A gnoll (D:8)
  An iguana zombie (D:4)
  4 adder skeletons (Sewer)
  6 bat skeletons
  3 bat zombies
  A gnoll zombie (D:8)
  4 ball python skeletons (Sewer)
  A giant gecko skeleton (D:3)
  A giant newt skeleton (D:2)
  A goblin skeleton (D:2)
  A goblin zombie (D:5)
  5 hobgoblin skeletons
  2 hobgoblin zombies (D:4)
  An orc skeleton (D:3)
  10 orc zombies
  9 rat skeletons
  A rat zombie (D:7)
  3 river rat skeletons (Sewer)
  A butterfly (D:7)
63 creatures vanquished.

Grand Total: 289 creatures vanquished

Notes
Turn   | Place    | Note
--------------------------------------------------------------
     0 | D:1      | HAL9000jb88, the Deep Dwarf Necromancer, began the quest for the Orb.
     0 | D:1      | Reached XP level 1. HP: 15/15 MP: 2/2
     3 | D:1      | Learned a level 1 spell: Animate Skeleton
   636 | D:1      | Reached XP level 2. HP: 22/22 MP: 1/3
  1321 | D:1      | Reached skill level 5 in Necromancy
  1545 | D:1      | Reached XP level 3. HP: 28/28 MP: 0/6
  1590 | D:2      | Learned a level 3 spell: Vampiric Draining
  2024 | D:2      | Reached XP level 4. HP: 33/37 MP: 4/8
  2159 | D:2      | Found an opulent altar of Gozag.
  2514 | D:3      | Found a white marble altar of Elyvilon.
  2514 | D:3      | Found a glowing golden altar of the Shining One.
  2514 | D:3      | Found a glowing silver altar of Zin.
  2604 | D:3      | Found a glowing drain.
  2609 | Sewer    | Entered a sewer
  2643 | Sewer    | Reached XP level 5. HP: 29/43 MP: 0/10
  2793 | Sewer    | Reached skill level 6 in Necromancy
  3184 | Sewer    | Noticed a giant frog
  3186 | Sewer    | Noticed a giant frog
  3197 | Sewer    | HP: 1/43 [giant frog (3)]
  3200 | Sewer    | Killed a giant frog
  3200 | Sewer    | Reached XP level 6. HP: 50/50 MP: 0/13
  3208 | Sewer    | Killed a giant frog
  3208 | Sewer    | Reached skill level 1 in Fighting
  3489 | D:3      | Found a bloodstained altar of Trog.
  3491 | D:3      | Found a burning altar of Makhleb.
  3602 | D:3      | Found an iron altar of Okawaru.
  3865 | D:4      | Learned a level 4 spell: Animate Dead
  4145 | D:4      | Reached XP level 7. HP: 55/57 MP: 11/17
  4351 | D:4      | Found a sacrificial altar of Ru.
  4369 | D:4      | Became a worshipper of Ru the Awakened
  4431 | D:4      | Found Thyrasa's Food Emporium.
  4577 | D:4      | Reached skill level 1 in Slings
  4577 | D:4      | Reached skill level 7 in Necromancy
  5024 | D:4      | Found a stormy altar of Qazlal.
  5032 | D:4      | Learned a level 4 spell: Control Undead
  5227 | D:5      | Entered Level 5 of the Dungeon
  5312 | D:5      | Found Caummist's Armour Boutique.
  5374 | D:5      | Reached skill level 8 in Necromancy
  5403 | D:5      | Reached XP level 8. HP: 44/64 MP: 3/18
  6057 | D:5      | Gained mutation: You are somewhat inexperienced (-2 XL). [Ru sacrifice]
  6057 | D:5      | Reached XP level 7. HP: 45/57 MP: 18/18
  6057 | D:5      | Reached XP level 6. HP: 45/51 MP: 16/16
  6057 | D:5      | Acquired Ru's first power
  6151 | D:6      | Found a blossoming altar of Fedhas.
  6156 | D:6      | Noticed hulla's ghost (experienced OpTm)
  6327 | D:7      | Found Weor's Armour Emporium.
  6332 | D:7      | Found a staircase to the Ecumenical Temple.
  6344 | Temple   | Entered the Ecumenical Temple
  6645 | D:7      | Reached skill level 5 in Spellcasting
  6645 | D:7      | Reached skill level 9 in Necromancy
  6759 | D:7      | Reached XP level 7. HP: 53/57 MP: 1/18
  7415 | D:6      | Found a shadowy altar of Dithmenos.
  7751 | D:7      | Noticed Eustachio
  7760 | D:7      | Killed Eustachio
  8121 | D:8      | Reached skill level 5 in Dodging
  8121 | D:8      | Reached XP level 8. HP: 38/64 MP: 3/20
  8243 | D:8      | Learned a level 5 spell: Cigotuvi's Embrace
  8253 | D:8      | Noticed a yak
  8258 | D:8      | Noticed a yak
  8273 | D:8      | Killed a yak
  8273 | D:8      | Reached skill level 10 in Necromancy
  8284 | D:8      | Reached skill level 1 in Evocations
  8295 | D:8      | Slain by a yak

Action                   |  1- 3 |  4- 6 |  7- 9 || total
-------------------------+-------+-------+-------++-------
Melee: Unarmed           |    36 |    10 |       ||    46
       Hunting sling     |       |     2 |       ||     2
       Quarterstaff      |       |     1 |    57 ||    58
       Short sword       |       |       |     8 ||     8
 Fire: Hunting sling     |       |    42 |     5 ||    47
Throw: Stone             |     3 |    23 |       ||    26
       Throwing net      |       |       |     2 ||     2
 Cast: Pain              |    71 |   104 |    68 ||   243
       Animate Skeleton  |    19 |    43 |     2 ||    64
       Vampiric Draining |     2 |    27 |    41 ||    70
       Animate Dead      |       |    11 |    16 ||    27
       Control Undead    |       |     2 |    15 ||    17
       Cigotuvi's Embrac |       |       |     1 ||     1
Invok: Sacrifice Experie |       |     1 |       ||     1
Evoke: Wand              |     2 |     7 |     5 ||    14
  Use: Scroll            |     2 |     8 |     4 ||    14
       Potion            |       |     5 |     5 ||    10
 Stab: Held in net/web   |       |       |     1 ||     1
  Eat: Chunk             |     1 |    18 |     1 ||    20
       Bread ration      |     1 |     1 |     1 ||     3
       Beef jerky        |       |     2 |       ||     2
       Fruit             |       |       |     4 ||     4
       Royal jelly       |       |       |     2 ||     2
       Pizza             |       |       |     1 ||     1
       Meat ration       |       |       |     1 ||     1
